 Seeded DCSS version 0.27.1-34-g3ba077fa99 (webtiles) character file.

Game seed: 1001837481477946641 (custom seed)

92 oldmanjim the Caller (level 4, -2/31 HPs)
             Began as a Merfolk Summoner on Dec 29, 2021.
             Splashed by a jelly's acid (6 damage)
             ... on level 4 of the Dungeon on Jan 6, 2022.
             The game lasted 00:35:07 (4322 turns).

oldmanjim the Caller (Merfolk Summoner)             Turns: 4322, Time: 00:35:13

Health: -2/31      AC:  1    Str:  8    XL:     4   Next: 60%
Magic:  8/8        EV: 13    Int: 18    God:
Gold:   1214       SH:  0    Dex: 14    Spells: 3/9 levels left

rFire    + + .     SeeInvis +   a - +2 trident (venom)
rCold    . . .     Faith    .   (no shield)
rNeg     . . .     Spirit   .   l - +2 animal skin
rPois    .         Reflect  .   (no helmet)
rElec    .         Harm     .   (no cloak)
rCorr    .         Rampage  .   (no gloves)
Will     .....                  j - +0 pair of boots
Stlth    ++........             (no amulet)
HPRegen  0.10/turn              k - ring "Wik Weuxo" {*Corrode rF++ Int+3 SInv}
MPRegen  0.11/turn              (no ring)

@: corroded
A: (nimble swimmer 2), mertail
a: no special abilities


You were on level 4 of the Dungeon.
You visited 1 branch of the dungeon, and saw 4 of its levels.

You collected 1214 gold pieces.

Inventory:

Hand Weapons
 a - a +2 trident of venom (weapon)
 f - a +0 dagger
 m - a +0 spear
Missiles
 c - 5 boomerangs
 h - 17 sling bullets
 o - 17 bolts
Armour
 e - a +0 ring mail
 j - a +0 pair of boots (worn)
 l - a +2 animal skin (worn)
Jewellery
 k - the ring "Wik Weuxo" (left hand) {*Corrode rF++ Int+3 SInv}
   (You acquired it on level 2 of the Dungeon)

   [ring of see invisible]

   Int:       It affects your intelligence (+3).
   rF:        It greatly protects you from fire.
   SInv:      It lets you see invisible.
   *Corrode:  It may corrode you when you take damage.
Scrolls
 b - a scroll of amnesia
 d - 2 scrolls of identify
 n - a scroll of fear {unknown}
Potions
 g - 2 potions of lignification
 i - a potion of mutation {unknown}


   Skills:
 + Level 0.6 Fighting
 - Level 3.0 Dodging
 + Level 2.4 Stealth
 + Level 3.0 Spellcasting
 - Level 5.0 Summonings


You had 3 spell levels left.
You knew the following spells:

 Your Spells              Type           Power      Damage    Failure   Level
a - Summon Small Mammal   Summ           80%        N/A       1%          1
b - Call Imp              Summ           20%        N/A       3%          2
c - Call Canine Familiar  Summ           20%        N/A       6%          3

Your spell library contained the following spells:

 Spells                   Type           Power      Damage    Failure   Level
 Summon Guardian Golem    Hex/Summ       11%        N/A       17%         3
 Summon Lightning Spire   Summ/Air       11%        N/A       50%         4
 Leda's Liquefaction      Hex/Erth       1%         N/A       85%         4
 Bolt of Magma            Conj/Fire/Erth 1%         4d4       99%         5
 Statue Form              Tmut/Erth      1%         N/A       100%        6
 Orb of Destruction       Conj           1%         N/A       100%        7
 Spellforged Servitor     Conj/Summ      5%         N/A       100%        7


Dungeon Overview and Level Annotations

Branches:
Dungeon (4/15)
 Temple: D:4-7

Altars:
Uskayaw

Annotations:
D:3 3 runed translucent doors, exclusion: 3 doors, Grinder; lonewolfV2's ghost, amateur MiFi


Innate Abilities, Weirdness & Mutations

((You are quick and stealthy near water. (Stealth+, EV+, Speed+++)))
Your lower body shifts to a powerful aquatic tail in water.


Message History

You resist with significant effort. Grinder gestures at you.
Pain shoots through your body!
* * * LOW HITPOINT WARNING * * *
The endoplasm quivers.
Grinder says, "Wait up."
Grinder blinks!
There is a stone staircase leading up here.
You climb upwards.
There is a stone staircase leading down here.
You start resting.
HP restored.
There is a stone staircase leading down here.
You climb downwards.
Level annotation: 3 runed translucent doors, exclusion: 3 doors, Grinder; lonewolfV2's ghost, amateur MiFi
There is a stone staircase leading up here.
There is a stone staircase leading down here.
You climb downwards.
The jelly barely misses you.
There is a stone staircase leading up here.
You hit the jelly.
Your hands burn!
The jelly is lightly wounded.
The jelly closely misses you.
You barely miss the jelly.
The jelly is lightly wounded.
The jelly hits you but does no damage. The jelly hits you.
You are splashed with acid.
You hit the jelly.
Your hands burn!
The jelly is lightly wounded.
The jelly closely misses you.
You hit the jelly.
The jelly is poisoned.
Your hands burn!
The jelly is heavily wounded.
The jelly barely misses you.
You puncture the jelly!
Your hands burn!
Your corrosive artefact corrodes you!
The jelly is almost dead.
The jelly hits you.
You are splashed with acid!
* * * LOW HITPOINT WARNING * * *
The jelly hits you.
* * * LOW HITPOINT WARNING * * *
You are splashed with acid.
You die...

#.......... .. ..
#.....#.. ...
...##....##.# ..#.
##.#........##.....
#..................
..................
#.......#...#...
##.....#.###.#
#....@.### .g
#...J..# ...
.........# .#
.........# .
..........
...........
...........
#..###......


You could see a jelly (very poisoned).

Vanquished Creatures
  An adder (D:3)
  An endoplasm (D:3)
  2 giant cockroaches
  3 goblins
  2 hobgoblins (D:3)
  3 ball pythons
  2 bats
  A frilled lizard (D:1)
  A rat (D:3)
16 creatures vanquished.

Vanquished Creatures (collateral kills)
  Robin (D:3)
  3 gnolls (D:2)
  An adder (D:3)
  2 worms (D:3)
  4 orcs (D:3)
  4 endoplasms
  2 giant cockroaches (D:1)
  10 goblins
  10 hobgoblins
  4 jackals (D:1)
  A quokka (D:2)
  2 ball pythons (D:1)
  2 bats (D:1)
  2 frilled lizards
  6 kobolds
  3 rats
57 creatures vanquished.

Vanquished Creatures (others)
  3 plants (D:1)
3 creatures vanquished.

Grand Total: 76 creatures vanquished

Notes
Turn   | Place    | Note
-------+----------+-------------------------------------------
     0 | D:1      | oldmanjim the Merfolk Summoner began the quest for the Orb.
     0 | D:1      | Reached XP level 1. HP: 13/13 MP: 3/3
     0 | D:1      | Upgraded the game from 0.27.1-33-g824d729ab1 to
                  | 0.27.1-34-g3ba077fa99
   313 | D:1      | Reached XP level 2. HP: 15/19 MP: 1/5
   327 | D:1      | Learned a level 2 spell: Call Imp
   494 | D:1      | Found a faded altar of an unknown god.
  1358 | D:2      | Identified a scroll of acquirement
  1358 | D:2      | Acquired 1142 gold pieces
  1373 | D:2      | Found a hide-covered altar of Uskayaw.
  1413 | D:2      | Reached XP level 3. HP: 24/24 MP: 3/6
  1737 | D:2      | Learned a level 3 spell: Call Canine Familiar
  2830 | D:3      | Noticed Grinder
  3009 | D:3      | Noticed Robin
  3011 | D:3      | Reached XP level 4. HP: 30/30 MP: 1/8
  3143 | D:2      | Acquired the ring "Wik Weuxo" {*Corrode rF++ Int+3 SInv}
  3346 | D:3      | Reached skill level 5 in Summonings
  3501 | D:3      | Killed Robin
  3783 | D:3      | Noticed lonewolfV2's ghost (amateur MiFi)
  3784 | D:3      | Found a runed translucent gate.
  3784 | D:3      | Found a runed translucent gate.
  3784 | D:3      | Found a runed translucent gate.
  4322 | D:4      | Splashed by a jelly's acid

Illustrated notes

Levels and vault maps discovered:
D:1:      wander_arrival_fairy_ring, layout_rooms,
          ebering_ecumenical_altar_abandoned
D:2:      layout_basic, basic_altar, minmay_misc_feat_columns
D:3:      layout_loops_ring, nzn_wu_jian_council_hall, gammafunk_ghost_split,
          uniq_grinder, uniq_robin
D:4:      layout_cave_pools, minmay_door_square, uniq_sigmund

Skill      XL: |  1  2  3  4 |
---------------+-------------+-----
Dodging        | 3 |  3.0
Spellcasting   | 3 |  3.0
Summonings     | 5 |  5.0
Fighting       | |  0.6
Stealth        | |  2.4

Action                   |  1- 3 |  4- 6 || total
-------------------------+-------+-------++-------
Melee: Dagger            |    42 |       ||    42
       Spear             |     2 |    46 ||    48
       Trident           |       |     8 ||     8
 Cast: Summon Small Mamm |    31 |       ||    31
       Call Imp          |    22 |     4 ||    26
       Call Canine Famil |     4 |     9 ||    13
  Use: Scroll            |     4 |     1 ||     5
 Stab: Distracted        |     1 |       ||     1
       Sleeping          |     2 |     3 ||     5
Armor: Robe              |     9 |     5 ||    14
       Animal skin       |       |     1 ||     1
Dodge: Dodged            |    46 |    32 ||    78
